 Dungeon Crawl Stone Soup version 0.29-a0-834-g1e95ca9f62 (webtiles) character file.

Game seed: 18305695427315280874

14 Sabo the Ducker (level 2, 0/20 HPs)
             Began as a Djinni Gladiator on July 13, 2022.
             Was a Follower of Hepliaklqana.
             Slain by a hobgoblin (2 damage)
             ... on level 1 of the Dungeon.
             The game lasted 00:01:50 (204 turns).

Sabo the Ducker (Djinni Gladiator)                   Turns: 204, Time: 00:01:52

Health: 0/20       AC:  4    Str: 13    XL:     2   Next: 60%
Gold:   34         EV:  9    Int:  9    God:    Hepliaklqana [*.....] SH:  0 Dex: 14

rFire   + + .      SeeInvis .   a - +0 long sword
rCold   x . .      Faith    .   (no shield)
rNeg    . . .      Spirit   .   b - +0 leather armour
rPois   ∞          Reflect  .   c - +0 helmet
rElec   .          Harm     .   (no cloak)
rCorr   .          Rampage  .   (no gloves)
Will    .....                   (boots unavailable)
Stlth   +.........              (no amulet)
HPRegen 0.06/turn               (no ring)
MPRegen 0.00/turn               (no ring)

@: flying, constricted
A: reduced essence, sickness immunity, fire resistance 2, cold vulnerability 1,
float, innate caster, HP casting, extra vitality 1
a: Renounce Religion, Recall Ancestor, Ancestor Identity


You were on level 1 of the Dungeon.
You worshipped Hepliaklqana.
Hepliaklqana was aware of your devotion.
You visited 1 branch of the dungeon, and saw 1 of its levels.

You collected 34 gold pieces.

Inventory:

Hand Weapons
 a - a +0 long sword (weapon)
Missiles
 d - 3 throwing nets
 e - a javelin
 h - 7 poisoned darts (quivered)
 j - 5 boomerangs
Armour
 b - a +0 leather armour (worn)
 c - a +0 helmet (worn)
Scrolls
 f - a scroll of torment {unknown}
 g - a scroll of blinking {unknown}
Potions
 i - 2 potions of attraction {unknown}


   Skills:
 + Level 2.1 Fighting
 + Level 3.0 Long Blades
 + Level 1.5 Throwing
 + Level 0.4 Armour
 + Level 3.6 Dodging


You had one spell level left.
You didn't know any spells.
Your spell library was empty.

Dungeon Overview and Level Annotations

Branches:
Dungeon (1/15)

Altars:
Hepliaklqana


Innate Abilities, Weirdness & Mutations

Your life essence is reduced to manifest your ancestor. (-10% HP)
You are immune to sickness and miasma.
You are immune to poison.
Your flesh is very heat resistant. (rF++)
You are vulnerable to cold. (rC-)
You float through the air rather than walking.
You learn spells naturally, not from books.
Your magical power is your life essence.
You have superior vitality. (+4 MHP)


Message History

The frilled lizard completely misses Amnanu.
You catch the helpless frilled lizard completely off-guard!
You hit the frilled lizard.
You kill the frilled lizard!
Found a scroll labelled PIWNOS LUUMN.
You see here a frilled lizard corpse.
An endoplasm and a hobgoblin come into view.
The hobgoblin shouts!
You hear an angry hiss.
A ball python comes into view.
The ball python hisses angrily.
Amnanu misses the kobold.
The kobold hits Amnanu with a +2 dagger of speed.
Amnanu is destroyed!
The kobold throws a stone.
The stone hits you. The hobgoblin closely misses you.
The endoplasm hits you but does no damage.
You hit the endoplasm.
You kill the endoplasm!
The kobold throws a stone.
The stone hits you.
The hobgoblin hits you but does no damage.
The ball python bites you. The ball python closely misses you.
You closely miss the ball python. The hobgoblin barely misses you.
The ball python barely misses you. The ball python closely misses you.
The kobold hits you with a +2 dagger of speed.
The hobgoblin hits you.
You barely miss the ball python. The ball python closely misses you.
The ball python grabs you. The ball python constricts you.
The kobold barely misses you.
The ball python bites you but does no damage.
The ball python constricts you.
The kobold hits you with a +2 dagger of speed.
The hobgoblin hits you but does no damage.
You hit the ball python.
The ball python is severely wounded.
The ball python bites you but does no damage.
The ball python constricts you.
The kobold hits you with a +2 dagger of speed.
* * * LOW HITPOINT WARNING * * *
The hobgoblin hits you.
You die...

.........?....##
....$..........#
...............#
...............#
...............#
...............#
......g.?......#
.#......S@...†..#
.....##.##K....##
##..##...##..###
....#..≈..#....#
......≈≈≈......#
....#..§..#.)..#
....##...##....#
.....##[##........
...#..†............


You could see a hobgoblin, a ball python and a kobold.

Vanquished Creatures
  2 dart slugs (D:1)
  A bat (D:1)
  2 endoplasms (D:1)
  A hobgoblin (D:1)
  A quokka (D:1)
  A ball python (D:1)
  A frilled lizard (D:1)
9 creatures vanquished.

Vanquished Creatures (collateral kills)
  A bat (D:1)
1 creature vanquished.

Vanquished Creatures (others)
  An ancestor (D:1)
1 creature vanquished.

Grand Total: 11 creatures vanquished

Notes
Turn   | Place    | Note
-------+----------+-------------------------------------------
     0 | D:1      | Sabo the Djinni Gladiator began the quest for the Orb.
     0 | D:1      | Reached XP level 1. HP: 18/18 MP: 0/0
   123 | D:1      | Found a faded altar of an unknown god.
   127 | D:1      | Reached XP level 2. HP: 21/23 MP: 0/0
   166 | D:1      | Prayed at the altar of an unknown god.
   166 | D:1      | Became a worshipper of Hepliaklqana the Forgotten
   166 | D:1      | Reached * piety under Hepliaklqana
   204 | D:1      | Slain by a hobgoblin

Illustrated notes

Levels and vault maps discovered:
D:1:      minmay_arrival_four_loops, layout_rooms,
          ebering_ecumenical_altar_mist, amcnicky_mini_pool_small

Skill      XL: |  1  2 |
---------------+-------+-----
Long Blades    | 3 |  3.0
Fighting       | |  2.1
Throwing       | |  1.5
Armour         | |  0.4
Dodging        | |  3.6

Action                   || total
-------------------------++-------
Melee: Long sword        ||    24
       Punch             ||     1
 Stab: Distracted        ||     1
Armor: Leather armour    ||    14
Dodge: Dodged            ||    28

Table legend: (Time is in decaauts)
 A = Elapsed time spent in this place.
 B = Non-inter-level travel time spent in this place.
 C = Inter-level travel time spent in this place.
 D = Time resting spent in this place.
 E = Time spent auto-exploring this place.
 F = Levels seen in this place.
 G = Mean time per level.
                   A        B        C        D        E       F      G
               +--------+--------+--------+--------+--------+-----+--------+
         Total |    210 |    210 |      0 |     17 |      0 |   1 |  210.0 |
       Dungeon |    210 |    210 |      0 |     17 |      0 |   1 |  210.0 |
               +--------+--------+--------+--------+--------+-----+--------+

Top non-repeatable levels by time:
     D:1: 210 daAuts
